 Dungeon Crawl Stone Soup version 0.29-a0-721-g7f417c9bbb (webtiles) character file.

Game seed: 4388144818214863228

3691 riojii the Grappler (level 10, 0/88 HPs)
             Began as a Ghoul Fighter on June 28, 2022.
             Was a Follower of Makhleb.
             Slain by Grum
             ... wielding a -1 halberd
              (15 damage)
             ... on level 8 of the Dungeon.
             The game lasted 00:09:13 (8275 turns).

riojii the Grappler (Ghoul Fighter)                 Turns: 8275, Time: 00:09:13

Health: 0/88       AC: 11    Str: 25    XL:     10   Next: 13%
Magic:  0/9        EV: 13    Int:  3    God:    Makhleb [*.....]
Gold:   308        SH:  5    Dex:  8    Spells: 9/9 levels left

rFire   . . .      SeeInvis .     - Unarmed
rCold   + . .      Faith    .   b - +0 buckler
rNeg    + + +      Spirit   +   a - +0 scale mail
rPois   ∞          Reflect  .   (no helmet)
rElec   .          Harm     .   (no cloak)
rCorr   .          Rampage  .   (no gloves)
Will    .....                   (no boots)
Stlth   ..........              i - amulet of guardian spirit
HPRegen 0.00/turn               F - +4 ring of evasion
MPRegen 0.11/turn               E - +4 ring of protection

@: inhibited regen, hasted, very quick
A: claws 1, cold resistance 1, negative energy resistance 3, inhibited
regeneration, torment resistance 2, devour on kill
a: Renounce Religion


You were on level 8 of the Dungeon.
You worshipped Makhleb.
Makhleb was aware of your devotion.
You visited 2 branches of the dungeon, and saw 9 of its levels.

You collected 308 gold pieces.

Inventory:

Armour
 a - a +0 scale mail (worn)
 b - a +0 buckler (worn)
Jewellery
 i - an amulet of guardian spirit (around neck)
 j - a ring of flight
 p - a ring of wizardry
 x - a ring of protection from fire
 E - a +4 ring of protection (right claw)
 F - a +4 ring of evasion (left claw)
Wands
 c - a wand of flame (10)
 f - a wand of polymorph (5)
 D - a wand of paralysis (13)
Scrolls
 k - a scroll of magic mapping
 l - 3 scrolls of teleportation
 n - a scroll of fog
 y - 2 scrolls of amnesia
 A - a scroll of fear
 C - a scroll of enchant weapon
Potions
 d - 2 potions of flight
 e - a potion of lignification
 g - 2 potions of haste
 h - a potion of invisibility
 m - a potion of heal wounds
 r - 2 potions of mutation
 s - 2 potions of berserk rage {unknown}
 t - 2 potions of brilliance {unknown}
 w - a potion of magic {unknown}
 z - 5 potions of curing {unknown}
 B - 2 potions of cancellation {unknown}


   Skills:
 + Level 7.7 Fighting
 + Level 6.4 Armour
 + Level 6.4 Shields
 * Level 10.1 Unarmed Combat


You had 9 spell levels left.
You didn't know any spells.
Your spell library contained the following spells:

 Spells                   Type           Power      Damage    Failure   Level
 Freeze                   Ice            0%         1d3       86%         1
 Shock                    Conj/Air       0%         1d3       86%         1
 Frozen Ramparts          Ice            0%         1d2       99%         3
 Gell's Gravitas          Tloc           0%         N/A       99%         3
 Lesser Beckoning         Tloc           0%         N/A       99%         3
 Summon Guardian Golem    Hex/Summ       0%         N/A       99%         3
 Swiftness                Air            0%         N/A       99%         3
 Teleport Other           Tloc           0%         N/A       99%         3
 Airstrike                Air            0%         N/A       100%        4
 Animate Armour           Summ/Erth      0%         N/A       100%        4
 Hailstorm                Conj/Ice       0%         3d3       100%        4
 Summon Lightning Spire   Summ/Air       0%         N/A       100%        4
 Iron Shot                Conj/Erth      0%         9d1       100%        6
 Orb of Destruction       Conj           0%         9d5       100%        7
 Spellforged Servitor     Conj/Summ      0%         N/A       100%        7
 Maxwell's Capacitive Co  Air            0%         ∞         100%        8
 Blade Hands              Tmut           Unusable   N/A       N/A         5
 Storm Form               Tmut/Air       Unusable   N/A       N/A         7

Dungeon Overview and Level Annotations

Branches:
Dungeon (8/15)             Temple (1/1) D:6
   Lair: D:8-11

Altars:
Ashenzari
Dithmenos
Elyvilon
Fedhas
Gozag
Hepliaklqana
Kikubaaqudgha
Makhleb
Nemelex Xobeh
Qazlal
Ru
Sif Muna
Trog
Uskayaw
Vehumet
Wu Jian
Xom
Yredelemnul
Zin
The Shining One

Annotations:
D:8 Grum, Pikel


Innate Abilities, Weirdness & Mutations

You are immune to poison.
You have sharp fingernails.
Your flesh is cold resistant. (rC+)
You are immune to negative energy. (rN+++)
You do not regenerate when monsters are visible.
You are immune to unholy pain and torment.
You thrive by killing the living.


Message History

You kill the wolf!
Makhleb accepts your kill.
You feel better. The wolf bites you but does no damage.
The howler monkey hoots and howls with incredible vigour!
You miss the wolf. The wolf bites you.
You mangle Pikel!!
Pikel is heavily wounded.
The wolf bites you.
You scratch Pikel but do no damage.
Pikel is heavily wounded.
The wolf bites you but does no damage. Pikel closely misses you.
Grum hits you from afar with a -1 halberd.
You scratch Pikel.
Pikel is heavily wounded.
You block the wolf's attack. Pikel closely misses you.
Grum hits you from afar with a -1 halberd!
* * * LOW HITPOINT WARNING * * *
You closely miss Pikel.
Pikel is heavily wounded.
The wolf bites you.
* * * LOW HITPOINT WARNING * * *
You claw Pikel!
Pikel is almost dead.
The wolf misses you. You block Pikel's attack. You block Grum's attack.
You barely miss Pikel.
Pikel is almost dead.
The wolf barely misses you.
You closely miss Pikel.
Pikel is almost dead.
The wolf bites you but does no damage. Grum misses you.
Pikel hits you but does no damage.
You scratch Pikel but do no damage.
Pikel is almost dead.
A howler monkey comes into view.
The wolf barely misses you.
You closely miss Pikel.
Pikel is almost dead.
The wolf barely misses you. Pikel closely misses you.
Grum hits you from afar with a -1 halberd!
You die...

..... .......'...'....#... .5.
#####.......##..####'#...
####.##....####....#..##.....#+
##.....$.55.#..#....#...#.....'.
#..#.#†#.#..).5#....#...#.....#.
#........h..#5z#....###'#.....##
....#.#.#.#g.#5g#...............#
.............#5K#...............#
....#.#.#.#..#hh@...............+
..#..........####h..............#
. #.#.#.#.#..........##'###'#....
....................#...#..#....
......'.............#...#..#....
..........#...#..#....
..........#..##..#....
##'##+#####..##..##... ..
........#...


You could see Grum, Pikel, 4 lemures, a wolf, 2 howler monkeys and a wight.

Vanquished Creatures
  Maggie (D:6)
  A troll (D:6)
  Prince Ribbit (D:5)
  Sigmund (D:3)
  Eustachio (D:4)
  A steam dragon (D:7)
  Menkaure (D:5)
  2 water moccasins
  3 black bears
  An ice beast (D:7)
  An ogre (D:7)
  A wolf (D:8)
  A centaur (D:7)
  A phantom (D:6)
  A necrophage (D:6)
  4 bullfrogs (D:7)
  A scorpion (D:5)
  8 wights
  4 killer bees (D:6)
  5 howler monkeys (D:8)
  A jelly (D:6)
  2 orc priests
  2 hounds
  2 iguanas
  An orc wizard (D:3)
  6 adders
  A worm (D:2)
  4 dart slugs
  16 orcs
  5 ball pythons
  11 bats
  2 bat zombies (D:3)
  8 endoplasms
  6 giant cockroaches
  10 goblins
  7 hobgoblins
  3 jackals (D:1)
  5 kobolds
  5 quokkas
  9 frilled lizards
  3 rats
  2 rat zombies (D:3)
151 creatures vanquished.

Notes
Turn   | Place    | Note
-------+----------+-------------------------------------------
     0 | D:1      | riojii the Ghoul Fighter began the quest for the Orb.
     0 | D:1      | Reached XP level 1. HP: 19/19 MP: 0/0
   114 | D:1      | Reached XP level 2. HP: 23/26 MP: 1/1
   408 | D:1      | Found a faded altar of an unknown god.
   484 | D:1      | Reached XP level 3. HP: 31/31 MP: 2/2
   644 | D:1      | Reached skill level 3 in Unarmed Combat
  1544 | D:2      | Reached XP level 4. HP: 40/40 MP: 3/3
  1982 | D:3      | Reached XP level 5. HP: 42/46 MP: 2/4
  2246 | D:3      | Noticed Sigmund
  2254 | D:3      | Killed Sigmund
  2255 | D:3      | Reached skill level 4 in Unarmed Combat
  2255 | D:3      | Reached XP level 6. HP: 35/53 MP: 1/5
  2704 | D:3      | Found an ancient bone altar of Kikubaaqudgha.
  2825 | D:4      | Found a sparkling altar of Nemelex Xobeh.
  2907 | D:4      | Found a stormy altar of Qazlal.
  3057 | D:4      | Found a blossoming altar of Fedhas.
  3118 | D:4      | Found a burning altar of Makhleb.
  3242 | D:4      | Noticed Eustachio
  3253 | D:4      | Killed Eustachio
  3254 | D:4      | Reached skill level 5 in Unarmed Combat
  3254 | D:4      | Reached XP level 7. HP: 49/60 MP: 6/6
  3286 | D:4      | Became a worshipper of Makhleb the Destroyer
  3632 | D:5      | Entered Level 5 of the Dungeon
  4056 | D:5      | Noticed Menkaure
  4069 | D:5      | Reached skill level 5 in Fighting
  4075 | D:5      | Killed Menkaure
  4076 | D:5      | Reached skill level 6 in Unarmed Combat
  4169 | D:5      | Noticed Prince Ribbit
  4185 | D:5      | Killed Prince Ribbit
  4186 | D:5      | Reached XP level 8. HP: 39/69 MP: 3/7
  4435 | D:5      | Reached skill level 7 in Unarmed Combat
  4501 | D:5      | Identified the +4 mace of Resumed Hostilities {freeze,
                  | *Rage *Slow rElec SInv}
  4960 | D:6      | Found a staircase to the Ecumenical Temple.
  5093 | D:6      | Reached skill level 5 in Armour
  5093 | D:6      | Reached skill level 5 in Shields
  5662 | D:6      | Noticed Maggie
  5693 | D:6      | HP: 1/70 [Maggie/bolt of fire (10)]
  5696 | D:6      | Killed Maggie
  5697 | D:6      | Reached skill level 8 in Unarmed Combat
  5697 | D:6      | Reached XP level 9. HP: 25/78 MP: 1/8
  6230 | D:6      | Noticed a troll
  6237 | D:6      | Killed a troll
  6420 | Temple   | Entered the Ecumenical Temple
  6689 | D:7      | Found a basalt altar of Yredelemnul.
  6705 | D:7      | Reached skill level 9 in Unarmed Combat
  6753 | D:7      | Found a hazy altar of Hepliaklqana.
  6809 | D:7      | Reached * piety under Makhleb
  7924 | D:8      | Reached XP level 10. HP: 85/86 MP: 9/9
  8102 | D:8      | Reached skill level 10 in Unarmed Combat
  8242 | D:8      | Noticed Grum
  8243 | D:8      | Noticed Pikel
  8275 | D:8      | Slain by Grum

Illustrated notes

Levels and vault maps discovered:
D:1:      nzn_arrival_water_spiral, layout_basic,
          hellmonk_ecumenical_altar_heavens_door
D:2:      minmay_spotlight, layout_loops_ring
D:3:      layout_loops_cross, lemuel_zombie_altar_kikubaaqudgha, uniq_sigmund
D:4:      layout_basic, lemuel_round_altar, fedhas_altar_3, elyvilon_altar_4,
          mainiacjoe_overflow_surrounded_room, old_standard_altar,
          nrook_mini_vaults, hex_large, minmay_misc_feat_alley, uniq_eustachio
D:5:      layout_cave_pods, uniq_crazy_yiuf_cottage, uniq_menkaure,
          uniq_prince_ribbit1
D:6:      layout_loops_ring, temple_fountains, minmay_small_thing, uniq_maggie
D:7:      layout_basic, mainiacjoe_overflow_small_starburst,
          worldfamousw_hep_ancestral_shrine
D:8:      layout_gridville, glass_columns_c, uniq_pikel, uniq_grum
Temple:   minmay_temple_bridge_abc

Skill      XL: |  1  2  3  4  5  6  7  8  9 10 |
---------------+-------------------------------+-----
Unarmed Combat | 3 4 5 6 8 9 10 | 10.1
Shields        | 3 4 5 6 |  6.4
Armour         | 3 4 5 6 |  6.4
Fighting       | 4 5 6 7 |  7.7

Action                   |  1- 3 |  4- 6 |  7- 9 | 10-12 || total
-------------------------+-------+-------+-------+-------++-------
Melee: Unarmed           |   135 |   149 |   264 |    42 ||   590
  Use: Scroll            |     3 |     1 |    14 |       ||    18
       Potion            |       |     2 |     3 |     2 ||     7
 Stab: Invisible         |       |       |     1 |       ||     1
Armor: Scale mail        |    49 |    59 |    87 |    20 ||   215
Dodge: Dodged            |    45 |    69 |   112 |    36 ||   262
Block: Buckler           |    16 |    39 |    43 |    17 ||   115

Table legend: (Time is in decaauts)
 A = Elapsed time spent in this place.
 B = Non-inter-level travel time spent in this place.
 C = Inter-level travel time spent in this place.
 D = Time resting spent in this place.
 E = Time spent auto-exploring this place.
 F = Levels seen in this place.
 G = Mean time per level.
                   A        B        C        D        E       F      G
               +--------+--------+--------+--------+--------+-----+--------+
         Total |   8195 |   7933 |    262 |    137 |   6680 |   9 |  910.6 |
       Dungeon |   8056 |   7805 |    251 |    137 |   6562 |   8 | 1007.0 |
        Temple |    138 |    127 |     11 |      0 |    118 |   1 |  138.0 |
               +--------+--------+--------+--------+--------+-----+--------+

Top non-repeatable levels by time:
     D:6: 1583 daAuts
     D:7: 1237 daAuts
     D:5: 1190 daAuts
     D:1: 1103 daAuts
     D:2: 862 daAuts
     D:3: 837 daAuts
     D:4: 809 daAuts
     D:8: 431 daAuts
  Temple: 138 daAuts
